 Dungeon Crawl Stone Soup version 0.26-a0-737-g4e9f4955e2 (webtiles) character file.

Game seed: 7948846711969843775

67 runemasterragnar the Ducker (level 4, -2/31 HPs)
             Began as an Octopode Fighter on Nov 5, 2020.
             Slain by a gnoll
             ... wielding a +2 vorpal flail
              (8 damage)
             ... on level 2 of the Dungeon.
             The game lasted 00:01:25 (1546 turns).

runemasterragnar the Ducker (Octopode Fighter)      Turns: 1546, Time: 00:01:26

Health: -2/31      AC:  1    Str: 15    XL:     4   Next: 18%
Magic:  4/4        EV: 11    Int: 11    God:
Gold:   16         SH:  8    Dex: 11    Spells: 3/3 levels left

rFire    + . .     SeeInvis .   a - +0 long sword
rCold    . . .     Faith    .   b - +0 kite shield
rNeg     . . .     Spirit   .   (helmet restricted)
rPois    .         Reflect  .   (no amulet)
rElec    .         Harm     .   f - ring of protection from fire
rCorr    .         Rampage  .   h - ring of protection from magic
MR       +....                  (no ring)
Stlth    ++........             (no ring)
HPRegen  0.10/turn              (no ring)
MPRegen  0.09/turn              (no ring)
                                (no ring)
                                (no ring)

@: brilliant
A: almost no armour, stealthy swim, amphibious, 8 rings, constrict 8, camouflage
1, gelatinous body 1
a: no special abilities


You were on level 2 of the Dungeon.
You visited 1 branch of the dungeon, and saw 2 of its levels.

You collected 16 gold pieces.

Inventory:

Hand Weapons
 a - a +0 long sword (weapon)
Armour
 b - a +0 kite shield (worn)
Jewellery
 f - a ring of protection from fire (left tentacle)
 h - a ring of protection from magic (right tentacle)
Potions
 c - a potion of might
 e - a potion of flight {unknown}
 g - a potion of mutation {unknown}


   Skills:
 + Level 3.2 Fighting
 * Level 2.7 Long Blades
 + Level 1.1 Throwing
 + Level 3.3 Dodging
 + Level 3.2 Shields
 + Level 1.1 Unarmed Combat


You had 3 spell levels left.
You didn't know any spells.
Your spell library was empty.

Dungeon Overview and Level Annotations

Branches:
Dungeon (2/15)

Altars:


Innate Abilities, Weirdness & Mutations

You cannot wear most types of armour.
You are very stealthy in the water. (Stealth+)
You are amphibious.
You can wear up to eight rings at the same time.
You can use your tentacles to constrict eight enemies at once.
Your skin changes colour to match your surroundings (Stealth+).
Your rubbery body absorbs attacks. (AC +1, EV +1)


Message History

A gnoll comes into view. It is wielding a +0 flail.
The gnoll shouts! x2; You hear a shout!
A gnoll comes into view. It is wielding a +0 flail.
Your shield prevents you from hitting the gnoll.
The gnoll shouts!
Your grab misses the gnoll.
The gnoll drinks a potion.
The gnoll seems to speed up.
You hit the gnoll. Your grab misses the gnoll.
The gnoll is lightly wounded.
The gnoll hits you with a +2 vorpal flail!
* * * LOW HITPOINT WARNING * * *
A goblin comes into view.
The gnoll hits you with a +2 vorpal flail.
* * * LOW HITPOINT WARNING * * *
x2 It was a potion of brilliance.
You feel clever all of a sudden. The gnoll barely misses you.
Okay, then.
The gnoll hits you with a +2 vorpal flail!
You die...

#....†..#...#..
#.....[...g.#.#####
##..$)..#...>#.#...#
.........#÷.#.#.#<#.#
.w.(.##....!.g#.#...#
.....
#####...#.....###
)... #...g##.....#
... ####....g...<#.#
... #.......#@####.#
#.###..........# ..
#.......###### .#
#.#...### ...#...#
### #...# #...# #...#
#####


You could see 2 gnolls and a goblin.

Vanquished Creatures
  3 adders (D:2)
  3 dart slugs (D:1)
  A leopard gecko (D:1)
  2 giant cockroaches
  6 goblins
  5 hobgoblins (D:1)
  3 kobolds
  3 bats (D:1)
  2 frilled lizards (D:1)
  5 rats
33 creatures vanquished.

Notes
Turn   | Place    | Note
-------+----------+-------------------------------------------
     0 | D:1      | runemasterragnar the Octopode Fighter began the quest for
                  | the Orb.
     0 | D:1      | Reached XP level 1. HP: 16/16 MP: 1/1
   288 | D:1      | Reached XP level 2. HP: 21/21 MP: 2/2
   761 | D:1      | Reached XP level 3. HP: 26/26 MP: 3/3
   779 | D:1      | HP: 1/26 [hobgoblin/+0 club (4)]
  1273 | D:2      | Reached skill level 1 in Throwing
  1273 | D:2      | Reached skill level 1 in Unarmed Combat
  1317 | D:2      | Reached XP level 4. HP: 18/31 MP: 4/4
  1546 | D:2      | Slain by a gnoll

Illustrated notes

Levels and vault maps discovered:
D:1:      minmay_arrival_three_doors, layout_basic
D:2:      layout_basic, uniq_robin

Skill      XL: |  1  2  3 |
---------------+----------+-----
Throwing       | 1 |  1.1
Unarmed Combat | 1 |  1.1
Fighting       | |  3.2
Long Blades    | |  2.7
Dodging        | |  3.3
Shields        | |  3.2

Action                   |  1- 3 |  4- 6 || total
-------------------------+-------+-------++-------
Melee: Long sword        |    56 |    11 ||    67
       Constrict         |    16 |     3 ||    19
       Tentacles         |    11 |     2 ||    13
  Use: Potion            |       |     1 ||     1
 Stab: Sleeping          |     6 |       ||     6
Armor: Skin              |     2 |     1 ||     3
Dodge: Dodged            |    29 |     7 ||    36
Block: Kite shield       |    21 |     5 ||    26
       Rpst.: Long sword |     8 |     2 ||    10

Table legend: (Time is in decaauts)
 A = Elapsed time spent in this place.
 B = Non-inter-level travel time spent in this place.
 C = Inter-level travel time spent in this place.
 D = Time resting spent in this place.
 E = Time spent auto-exploring this place.
 F = Levels seen in this place.
 G = Mean time per level.
                   A        B        C        D        E       F      G
               +--------+--------+--------+--------+--------+-----+--------+
         Total |   1569 |   1540 |     29 |    500 |    827 |   2 |  784.5 |
       Dungeon |   1569 |   1540 |     29 |    500 |    827 |   2 |  784.5 |
               +--------+--------+--------+--------+--------+-----+--------+

Top non-repeatable levels by time:
     D:1: 1190 daAuts
     D:2: 379 daAuts
